AoeStats
← 888

Lombardia

510090058Analyzed
4v4 RM · 2d ago on Sep 29, 2026· 34m 52s· 8 players
Game mode
Random Map
Map size
Large (8 player)
Population
200
Speed
Normal
Resources
Standard
Victory
Conquest
Starting age
Dark Age
Ending age
Imperial Age
RankedLock teamsTeams togetherTeam positionsShared explorationLock speedFull tech treeHidden civsTurbo modeCheats
Victory
Defeat
🇹🇼 Hindustanis · Taiwan
1412
+10
🇹🇼 Huns · Taiwan
1397
+11
🇹🇼 Persians · Taiwan
1354
+12
🇹🇼 Varangians · Taiwan
1123
+22
1346
-17
🇭🇰 Spanish · Hong Kong SAR China
1284
-14
🇫🇷 Persians · France
1274
-14
🇫🇷 Mongols · France
1165
-10
888
0:29 Loom
10:48 Feudal Age
15:58 Castle Age
16:27 Double-Bit Axe
16:27 Horse Collar
17:42 Bow Saw
27:13 Wheelbarrow
27:33 Bloodlines
28:10 Husbandry
29:22 Hand Cart
33:47 Gold Mining
sebastien
11:40 Feudal Age
15:19 Castle Age
16:31 Loom
25:27 Double-Bit Axe
27:00 Scale Barding Armor
26:59 Fletching
27:12 Scale Mail Armor
29:34 Wheelbarrow
29:10 Light Cavalry
30:54 Padded Archer Armor
31:16 Chain Barding Armor
31:48 Bloodlines
31:39 Husbandry
种田玩家打队友别打我
7:27 Loom
10:26 Feudal Age
17:06 Castle Age
17:55 Castle Age
18:18 Castle Age
16:39 Double-Bit Axe
18:21 Fletching
18:30 Horse Collar
22:16 Wheelbarrow
29:39 Bodkin Arrow
29:44 Padded Archer Armor
30:39 Bloodlines
30:29 Husbandry
32:35 Gold Mining
34:43 Ballistics
动车的车头
9:02 Loom
10:47 Feudal Age
15:01 Castle Age
13:27 Double-Bit Axe
16:01 Bow Saw
15:31 Horse Collar
16:15 Heavy Plow
21:52 Padded Archer Armor
23:24 Leather Archer Armor
24:42 Husbandry
25:58 Wheelbarrow
27:38 Bloodlines
29:19 Hand Cart
28:59 Fletching
30:31 Gold Mining
36:27 Imperial Age
黃金
11:10 Feudal Age
16:25 Castle Age
14:54 Double-Bit Axe
15:42 Horse Collar
17:10 Bow Saw
21:12 Loom
22:03 Wheelbarrow
23:35 Heavy Plow
24:26 Fervor
25:10 Hand Cart
27:34 Town Watch
30:42 Imperial Age
28:21 Scale Barding Armor
28:26 Forging
29:58 Chain Barding Armor
30:13 Iron Casting
29:55 Gold Mining
31:15 Ballistics
30:21 Cavalier
32:31 Plate Barding Armor
32:56 Blast Furnace
31:28 Savar
33:17 Crop Rotation
34:15 Conscription
34:42 Husbandry
34:56 Bloodlines
[UZN]Listenphone
7:15 Loom
9:30 Feudal Age
10:00 Double-Bit Axe
9:57 Horse Collar
20:27 Castle Age
19:14 Wheelbarrow
20:01 Fletching
20:35 Bloodlines
21:32 Bow Saw
22:07 Gold Mining
22:41 Husbandry
24:18 Bodkin Arrow
25:02 Ballistics
27:31 Padded Archer Armor
29:01 Thumb Ring
29:12 Leather Archer Armor
mydogqmi
8:52 Loom
11:25 Feudal Age
14:21 Horse Collar
15:54 Forging
15:53 Double-Bit Axe
18:15 Bloodlines
23:12 Castle Age
21:32 Gold Mining
22:41 Scale Barding Armor
23:16 Light Cavalry
24:37 Heavy Plow
24:50 Bow Saw
26:17 Wheelbarrow
26:07 Husbandry
28:01 Hand Cart
29:50 Town Watch
33:04 Stone Mining
33:51 Chain Barding Armor
34:07 Iron Casting
royalchen
10:30 Feudal Age
13:15 Double-Bit Axe
15:50 Castle Age
14:22 Horse Collar
16:27 Loom
18:49 Forging
18:49 Scale Barding Armor
19:00 Bow Saw
22:01 Husbandry
24:32 Wheelbarrow
25:52 Iron Casting
26:36 Chain Barding Armor
27:56 Bloodlines
28:55 Gold Mining
35:13 Imperial Age
33:00 Hand Cart
33:52 Heavy Plow
Connection lost

Rejoining the realm…

Still unreachable

The connection could not be restored.

Session expired

The server has moved on; the page needs a fresh start.